 Dungeon Crawl Stone Soup version 0.20.0-7-g3b7b877 (webtiles) character file.

322 dvd the Grasshopper (level 6, -2/56 HPs)
             Began as a Naga Warper on May 29, 2017.
             Slain by an orc
             ... wielding a +0 short sword
              (3 damage)
             ... on level 3 of the Dungeon.
             The game lasted 00:29:14 (6154 turns).

dvd the Grasshopper (Naga Warper)                   Turns: 6154, Time: 00:29:15

Health: -2/56      AC:  4    Str: 14    XL:     6   Next: 47%
Magic:  4/10       EV: 10    Int: 17    God:
Gold:   168        SH:  0    Dex: 11    Spells: 2/10 levels left

rFire    . . .     SeeInvis +   s - -2 hunting sling (curse)
rCold    . . .     Gourm    .   (no shield)
rNeg     . . .     Faith    .   h - +0 robe
rPois    +         Spirit   .   e - +0 helmet
rElec    .         Reflect  .   (no cloak)
rCorr    .         Harm     .   (no gloves)
MR       .....                  (no barding)
Stlth    +.........             j - amulet of inaccuracy (curse)
Regen    0.2/turn               n - +3 ring of intelligence
MPRegen  0.2/turn               (no ring)

@: very slow
A: see invisible, deformed body, poison resistance, slowness 2, slow metabolism
1, spit poison 1, AC +2
a: Spit Poison


You were on level 3 of the Dungeon.
You were not hungry.

You visited 1 branch of the dungeon, and saw 6 of its levels.

You collected 168 gold pieces.

Inventory:

Hand Weapons
 a - a +0 spear
 l - a +1 dagger of draining
 m - a +1 whip of freezing
 p - a +2 short sword of venom
 r - a +1 dagger of pain
 s - a cursed -2 hunting sling (weapon)
 u - a +0 hunting sling
 v - a +0 dagger of electrocution
Missiles
 t - 65 stones (quivered)
 w - 25 sling bullets
Armour
 b - a +0 leather armour
 e - a +0 helmet (worn)
 h - a +0 robe (worn)
 k - a +0 shield
Jewellery
 j - a cursed amulet of inaccuracy (around neck)
 n - a +3 ring of intelligence (left hand)
Scrolls
 d - a scroll of blinking
 g - 4 scrolls of identify
 i - 2 scrolls of magic mapping
 o - a scroll of amnesia
Books
 c - a book of Spatial Translocations

   Spells                             Type                      Level
   a - Blink                          Translocation                2
   b - Shroud of Golubria             Charms/Translocation         2
   c - Lesser Beckoning               Translocation                3
   d - Gell's Gravitas                Translocation                3
   e - Teleport Other                 Translocation                3
   f - Passage of Golubria            Translocation                4
 x - a book of Air

   Spells                             Type                      Level
   a - Shock                          Conjuration/Air              1
   b - Swiftness                      Charms/Air                   2
   c - Static Discharge               Conjuration/Air              3
   d - Airstrike                      Air                          4
   e - Lightning Bolt                 Conjuration/Air              5
Comestibles
 f - 2 bread rations
 q - 3 fruits


   Skills:
 + Level 3.0 Fighting
 + Level 0.8 Short Blades
 + Level 2.5 Polearms
 + Level 2.7(2.8) Slings
 + Level 1.1(2.0) Throwing
 + Level 0.8 Armour
 + Level 2.3 Dodging
 + Level 0.9 Stealth
 + Level 0.4 Shields
 + Level 2.6 Spellcasting
 + Level 1.0 Charms
 + Level 3.8 Translocations


You had 2 spell levels left.
You knew the following spells:

 Your Spells              Type           Power        Failure   Level  Hunger
a - Blink                 Tloc           N/A          6%          2    ##.....
b - Shroud of Golubria    Chrm/Tloc      ##........   11%         2    ##.....
c - Teleport Other        Tloc           ###.....     12%         3    ###....
d - Shock                 Conj/Air       #...         19%         1    #......


Dungeon Overview and Level Annotations

Branches:
Dungeon (6/15)
 Temple: D:4-7

Altars:
Ru
Sif Muna

Annotations:
D:3 crawlian's ghost, amateur DEFE
D:5 Menkaure


Innate Abilities, Weirdness & Mutations

You cannot wear boots.
Your serpentine skin is tough. (AC +2)
You have supernaturally acute eyesight. (SInv)
Armour fits poorly on your strangely shaped body.
Your system is resistant to poisons. (rPois)
You cover ground very slowly.
You have a slow metabolism.
You can spit poison.


Message History

The orc wizard seems to speed up.
The frilled lizard misses you. The frilled lizard bites you.
* * * LOW HITPOINT WARNING * * *
The orc wizard gestures wildly while chanting.
The orc wizard flickers and vanishes for a moment.
The frilled lizard bites you but does no damage.
The orc priest miscasts a cantrip.
There is a stone staircase leading down here.
You can't go up here!
The frilled lizard bites you but does no damage.
The orc priest invokes the aid of Beogh against you.
Beogh smites you!
* * * LOW HITPOINT WARNING * * *
The orc hits you but does no damage.
You climb downwards.
Level annotation: crawlian's ghost, amateur DEFE A giant cockroach comes into view.
The orc hits you but does no damage. The orc barely misses you.
The orc hits you with a short sword.
You die...

# .##.
.....#########
......oo.....#
......o@..# #.
......#l#.# .
..... .S. ..
## ..o. .....
... .' ...
.....>. ... ..
#........ ..
.... .
#........s .
.....
####'#.....
......###


You could see an adder, 4 orcs, a giant cockroach (wandering) and a frilled
lizard.

Vanquished Creatures
  An orc priest (D:6)
  An orc wizard (D:6)
  Natasha (thrice) (D:3 D:2)
  A worker ant (D:6)
  Robin (D:2)
  A gnoll (D:3)
  3 adders
  An ooze (D:2)
  4 worms
  4 leopard geckos
  An orc (D:6)
  2 ball pythons (D:2)
  5 bats
  3 giant cockroaches
  19 goblins
  16 hobgoblins
  10 jackals
  7 kobolds
  4 frilled lizards
  A jackal skeleton (D:4)
  8 rats
96 creatures vanquished.

Notes
Turn   | Place    | Note
-------+----------+-------------------------------------------
     0 | D:1      | dvd the Naga Warper began the quest for the Orb.
     0 | D:1      | Reached XP level 1. HP: 19/19 MP: 3/3
   144 | D:1      | Reached skill level 1 in Throwing
   270 | D:1      | Reached XP level 2. HP: 24/26 MP: 5/5
   761 | D:1      | Learned a level 2 spell: Blink
   764 | D:1      | Learned a level 2 spell: Shroud of Golubria
   970 | D:2      | Found a faded altar of an unknown god.
   991 | D:2      | Noticed Robin
  1004 | D:1      | Reached XP level 3. HP: 4/33 MP: 6/6
  1006 | D:1      | HP: 1/33 [goblin[Robin] (1)]
  1768 | D:2      | Reached XP level 4. HP: 21/40 MP: 5/7
  1884 | D:3      | Noticed Natasha
  1891 | D:3      | Killed Natasha
  1900 | D:3      | HP: 1/40 [rat (2)]
  2195 | D:1      | Learned a level 3 spell: Teleport Other
  2217 | D:2      | Killed Robin
  2217 | D:2      | Reached skill level 1 in Charms
  2674 | D:2      | Reached XP level 5. HP: 46/46 MP: 6/8
  3044 | D:3      | Noticed Natasha
  3174 | D:3      | Killed Natasha
  3221 | D:3      | Noticed crawlian's ghost (amateur DEFE)
  3331 | D:3      | Found a deep blue altar of Sif Muna.
  3369 | D:3      | Noticed Natasha
  3385 | D:2      | Killed Natasha
  3385 | D:2      | Reached skill level 1 in Slings
  3985 | D:3      | You fall through a shaft for 3 floors!
  4076 | D:6      | Reached XP level 6. HP: 38/56 MP: 7/10
  4414 | D:5      | Entered Level 5 of the Dungeon
  4460 | D:5      | Noticed Menkaure
  4747 | D:4      | Found a sacrificial altar of Ru.
  5262 | D:4      | Learned a level 1 spell: Shock
  6153 | D:2      | HP: 1/56 [orc priest/divine providence (15)]
  6154 | D:3      | Slain by an orc

Skill      XL: |  1  2  3  4  5  6 |
---------------+-------------------+-----
Throwing       | 1 |  1.1
Dodging        | 2 |  2.3
Charms         | 1 |  1.0
Slings         | 1 2 |  2.7
Fighting       | 3 |  3.0
Short Blades   | |  0.8
Polearms       | |  2.5
Armour         | |  0.8
Stealth        | |  0.9
Shields        | |  0.4
Spellcasting   | |  2.6
Translocations | |  3.8

Action                   |  1- 3 |  4- 6 || total
-------------------------+-------+-------++-------
Melee: Spear             |    74 |       ||    74
       Short sword       |    17 |    43 ||    60
       Hunting sling     |       |     6 ||     6
 Fire: Hunting sling     |       |   254 ||   254
Throw: Tomahawk          |     3 |     2 ||     5
 Cast: Shroud of Golubri |     6 |    17 ||    23
       Blink             |       |    23 ||    23
       Teleport Other    |       |    17 ||    17
       Shock             |       |    12 ||    12
 Abil: Spit Poison       |    18 |    69 ||    87
  Use: Potion            |     1 |     2 ||     3
       Scroll            |       |     7 ||     7
  Eat: Chunk             |     3 |    10 ||    13
       Bread ration      |       |     2 ||     2
       Royal jelly       |       |     1 ||     1
Armor: Robe              |    15 |   124 ||   139
Dodge: Dodged            |    44 |   247 ||   291
Block: Shield            |    21 |       ||    21
